 Dungeon Crawl Stone Soup version 0.31-a0-632-g766dd24fdf (webtiles) character file.

Game seed: 9063008034637931549

326 thirtiethelement the Shooter (level 6, 0/47 HPs)
             Began as a Demonspawn Hunter on Aug 26, 2023.
             Slain by a black bear (3 damage)
             ... on level 3 of the Dungeon.
             The game lasted 00:06:43 (2236 turns).

thirtiethelement the Shooter (Demonspawn Hunter)    Turns: 2236, Time: 00:06:45

Health: 0/47       AC:  3    Str: 18    XL:     6   Next: 24%
Magic:  6/6        EV: 12    Int: 10    God:
Gold:   113        SH:  0    Dex: 18    Spells: 5/5 levels left

rFire   . . .        a - +0 shortbow
rCold   . . .        (shield currently unavailable)
rNeg    . . .        c - +0 leather armour
rPois   .            (no helmet)
rElec   .            j - scarf {+Inv}
rCorr   .            (no gloves)
SInv    .            (no boots)
Will    .....        (no amulet)
Stlth   ++           i - +6 ring of strength
HPRegen 0.27/turn    (no ring)
MPRegen 0.10/turn

%: no passive effects
@: no status effects
A: hooves 1, demonic touch 1
a: Evoke Invisibility


You were on level 3 of the Dungeon.
You visited 1 branch of the dungeon, and saw 3 of its levels.

You collected 113 gold pieces.

Inventory:

Hand Weapons
 a - a +0 shortbow (weapon)
 b - a +0 dagger
Armour
 c - a +0 leather armour (worn)
 g - a +1 scale mail of cold resistance
 j - a scarf of invisibility (worn)
Jewellery
 i - a +6 ring of strength (left hand)
 l - a ring of fire
Scrolls
 d - 2 scrolls of enchant armour {unknown}
 f - a scroll of butterflies
 h - a scroll of noise {unknown}
 m - a scroll of immolation {unknown}
Potions
 e - a potion of heal wounds {unknown}
 n - a potion of attraction {unknown}


   Skills:
 + Level 3.2 Fighting
 + Level 5.9 Ranged Weapons
 + Level 0.2 Throwing
 + Level 1.2 Armour
 + Level 2.4 Dodging
 + Level 0.9 Stealth


You had 5 spell levels left.
You didn't know any spells.
Your spell library contained the following spells:

 Spells                   Type           Power      Damage    Failure   Level
 Dazzling Flash           Conj/Hex       0%         N/A       80%         3
 Volatile Blastmotes      Fire/Tloc      0%         2d10      80%         3
 Starburst                Conj/Fire      0%         6d3       100%        6
 Maxwell's Capacitive Co  Air            0%         ∞         100%        8


Dungeon Overview and Level Annotations

Branches:
Dungeon (3/15)

Altars:
Makhleb


Innate Abilities, Weirdness & Mutations

You have large cloven feet.
Your touch may inflict minor irresistible damage on your foes.


Message History

The black bear looks even sicker.
The black bear is lightly wounded.
The black bear bites you. The black bear claws you.
The black bear closely misses you.
Throw: dart (poison)
Press: ? - help, Q - select action, (/) - cycle Shift-Dir - straight line, f/p - black bear
Aim: a black bear (lightly wounded, very poisoned, 67% to hit)
You throw a poisoned dart. The poisoned dart hits the black bear.
The black bear looks as sick as possible!
The black bear is lightly wounded.
The black bear bites you.
The black bear claws you but does no damage.
The black bear closely misses you. The black bear bites you!
The black bear claws you.
The black bear claws you but does no damage.
The black bear attacks as it pursues you!
The black bear barely misses you. x3
The black bear attacks as it pursues you!
The black bear bites you.
* * * LOW HITPOINT WARNING * * *
The black bear misses you. The black bear claws you.
* * * LOW HITPOINT WARNING * * *
The black bear goes berserk!
Fire: a) +0 shortbow
Press: ? - help, Shift-Dir - straight line, f/p - black bear
Aim: a black bear (almost dead, berserk, very poisoned, 71% to hit)
You shoot an arrow.
The arrow closely misses the black bear.
The arrow barely misses the worm.
The black bear closely misses you. The black bear claws you.
* * * LOW HITPOINT WARNING * * *
The black bear claws you.
* * * LOW HITPOINT WARNING * * *
Fire: a) +0 shortbow
Press: ? - help, Shift-Dir - straight line, f/p - black bear
Aim: a black bear (almost dead, berserk, very poisoned, 71% to hit)
You shoot an arrow. The arrow barely misses the black bear.
The black bear barely misses you. The black bear closely misses you.
The black bear barely misses you. The black bear bites you.
You die...

#.# #. ... #.# #.#########. ....
#.# #.##.##.....##(##..#. #.# #
#.#...'.....+ .(.... #.#
#.#.#..##.....###(#.# #.#
#.#.#............w..##. #.#
#....#.####.###........ #.#
###...........#.....##.
#####.########.#@####.#.#...#.##
.................h....w..........
#####.###....#..#####.#.#..##.##.
........#....#..# #.#....# .#
#####.#.######..# #.###.... .
....#.#.###.....# #.# ........
...............># #.# #####..##
###.#.#.###.....# #.# ..#
......#.# ####..# ... .#


You could see a black bear (berserk, poisoned) and a worm.

Vanquished Creatures
  Sigmund (D:2)
  Natasha (thrice) (D:2)
  2 adders (D:2)
  2 worms (D:2)
  5 dart slugs
  6 ball pythons
  3 giant cockroaches
  7 goblins
  3 hobgoblins
  3 quokkas
  4 bats
  3 frilled lizards
  4 kobolds
  5 rats
51 creatures vanquished.

Notes
Turn   | Place    | Note
-------+----------+-------------------------------------------
     0 | D:1      | thirtiethelement the Demonspawn Hunter began the quest for
                  | the Orb.
     0 | D:1      | Reached XP level 1. HP: 16/16 MP: 1/1
   166 | D:1      | Reached skill level 4 in Ranged Weapons
   198 | D:1      | Discovered your monstrous ancestry.
   198 | D:1      | Gained mutation: You have large cloven feet. [demonic
                  | ancestry]
   198 | D:1      | Reached XP level 2. HP: 22/22 MP: 2/2
   923 | D:2      | Noticed Natasha
   928 | D:2      | Killed Natasha
   929 | D:2      | Reached XP level 3. HP: 8/28 MP: 3/3
  1079 | D:2      | Reached XP level 4. HP: 23/34 MP: 4/4
  1213 | D:2      | Noticed Natasha
  1223 | D:2      | Killed Natasha
  1240 | D:2      | Noticed Natasha
  1443 | D:2      | Noticed Sigmund
  1574 | D:2      | Killed Sigmund
  1575 | D:2      | Reached skill level 5 in Ranged Weapons
  1575 | D:2      | Reached skill level 1 in Armour
  1575 | D:2      | Gained mutation: Your touch may inflict minor irresistible
                  | damage on your foes. [demonic ancestry]
  1575 | D:2      | Reached XP level 5. HP: 33/41 MP: 5/5
  1575 | D:2      | Reached XP level 6. HP: 38/47 MP: 6/6
  1758 | D:2      | Killed Natasha
  1956 | D:2      | Found a burning altar of Makhleb.
  2236 | D:3      | Slain by a black bear

Illustrated notes

Levels and vault maps discovered:
D:1:      lightli_arrival_maybe_door_vault, layout_basic, minmay_octomino_e4
D:2:      layout_loops_ring, basic_altar, uniq_natasha, uniq_sigmund
D:3:      layout_basic, serial_shops, shop,
          hangedman_abyss_or_decor_lesser_grid, minivault_5

Skill      XL: |  1  2  3  4 |
---------------+-------------+-----
Ranged Weapons | 4 5 |  5.9
Fighting       | 3 |  3.2
Armour         | 1 |  1.2
Dodging        | 2 |  2.4
Throwing       | |  0.2
Stealth        | |  0.9

Action                     |  1- 3 |  4- 6 || total
---------------------------+-------+-------++-------
   Fire: Shortbow          |    73 |    85 ||   158
  Throw: Dart              |       |    10 ||    10
 Armour: Leather armour    |     7 |     6 ||    13
  Dodge: Dodged            |    19 |    41 ||    60

Table legend: (Time is in decaauts)
 A = Elapsed time spent in this place.
 B = Non-inter-level travel time spent in this place.
 C = Inter-level travel time spent in this place.
 D = Time resting spent in this place.
 E = Time spent auto-exploring this place.
 F = Levels seen in this place.
 G = Mean time per level.
                   A        B        C        D        E       F      G
               +--------+--------+--------+--------+--------+-----+--------+
         Total |   2267 |   2227 |     40 |    231 |   1563 |   3 |  755.7 |
       Dungeon |   2267 |   2227 |     40 |    231 |   1563 |   3 |  755.7 |
               +--------+--------+--------+--------+--------+-----+--------+

Top non-repeatable levels by time:
     D:1: 1138 daAuts
     D:2: 961 daAuts
     D:3: 167 daAuts
